 Dungeon Crawl Stone Soup version 0.26-a0-602-gd42a14c23b (webtiles) character file.

Game seed: 15983332072211054872

11830 Gargoyl the Fighter (level 11, 0/89 HPs)
             Began as a Gnoll Abyssal Knight on Aug 29, 2020.
             Was an Elder of Lugonu.
             Slain by a 14-headed hydra (3 damage)
             ... on level 2 of the Lair of Beasts on Aug 31, 2020.
             The game lasted 00:14:28 (12112 turns).

Gargoyl the Fighter (Gnoll Abyssal Knight)         Turns: 12112, Time: 00:14:29

Health: 0/89       AC: 23    Str: 17    XL:     11   Next: 83%
Magic:  21/21      EV:  9    Int: 14    God:    Lugonu [****..]
Gold:   62         SH:  0    Dex: 16    Spells: 23/23 levels left

rFire    . . .     SeeInvis .   D - +2 long sword of Jirue {freeze, Fragile +Inv rC+}
rCold    + . .     Faith    .   (no shield)
rNeg     . . .     Spirit   .   e - +0 plate armour
rPois    +         Reflect  .   c - +1 helmet (curse)
rElec    .         Harm     .   t - +2 cloak
rCorr    .                      C - +1 pair of gloves
MR       .....                  u - +0 pair of boots {rampage}
Stlth    ..........             (no amulet)
HPRegen  0.24/turn              G - ring of poison resistance
MPRegen  0.17/turn              l - +4 ring of slaying

@: no status effects
A: distributed training, fangs 1, strong nose
a: Depart the Abyss, Bend Space, Banish, Corrupt, Renounce Religion, Evoke
Invisibility


You were on level 2 of the Lair of Beasts.
You worshipped Lugonu.
Lugonu was greatly pleased with you.
You visited 2 branches of the dungeon, and saw 13 of its levels.
You visited the Abyss 1 time.

You collected 546 gold pieces.
You spent 484 gold pieces at shops.

Inventory:

Hand Weapons
 a - a +6 hand axe
 D - the +2 long sword of Jirue (weapon) {freeze, Fragile +Inv rC+}
   (You bought it in a shop on level 8 of the Dungeon)

   It has been specially enchanted to freeze those struck by it, causing extra
   injury to most foes and up to half again as much damage against particularly
   susceptible opponents.
   It can also slow down cold-blooded creatures.
   It protects you from cold.
   It lets you turn invisible.
   It will be destroyed if unequipped.
Missiles
 o - 18 boomerangs (quivered)
Armour
 c - a cursed +1 helmet (worn)
 e - a +0 plate armour (worn)
 t - a +2 cloak (worn)
 u - a +0 pair of boots of rampaging (worn)
 C - a +1 pair of gloves (worn)
Jewellery
 b - an uncursed ring of protection from fire {unknown}
 i - an uncursed ring of resist corrosion
 l - a +4 ring of slaying (right hand)
 s - an uncursed ring of flight
 G - a ring of poison resistance (left hand)
Wands
 q - a wand of polymorph (5)
 w - a wand of enslavement (10)
 y - a wand of flame (42)
 B - a wand of iceblast (7)
 H - a wand of digging (1)
Scrolls
 g - 3 scrolls of remove curse
 p - 3 scrolls of teleportation
 r - 2 scrolls of magic mapping
 v - 3 scrolls of fear
 x - a scroll of identify
Potions
 d - 2 potions of heal wounds
 f - 2 potions of invisibility {unknown}
 h - a potion of ambrosia
 j - a potion of resistance
 k - 3 potions of lignification {unknown}
 m - 2 potions of stabbing
 n - 2 potions of magic {unknown}
 z - 8 potions of curing {unknown}
 A - a potion of brilliance {unknown}
 F - 2 potions of cancellation {unknown}


   Skills:
 + Level 9.4 Fighting
 + Level 6.6 Short Blades
 + Level 6.6 Long Blades
 + Level 8.2 Axes
 + Level 6.6 Maces & Flails
 + Level 6.6 Polearms
 + Level 6.6 Staves
 + Level 6.6 Slings
 + Level 6.6 Bows
 + Level 6.6 Crossbows
 + Level 6.6 Throwing
 + Level 8.2 Armour
 + Level 7.2 Dodging
 + Level 6.6 Stealth
 + Level 6.6 Shields
 + Level 6.6 Unarmed Combat
 + Level 6.6 Spellcasting
 + Level 5.5 Conjurations
 + Level 5.5 Hexes
 + Level 5.5 Summonings
 + Level 5.5 Necromancy
 + Level 5.5 Translocations
 + Level 5.5 Transmutations
 + Level 5.5 Fire Magic
 + Level 5.5 Ice Magic
 + Level 5.5 Air Magic
 + Level 5.5 Earth Magic
 + Level 5.5 Poison Magic
 + Level 8.7 Invocations
 + Level 6.6 Evocations


You had 23 spell levels left.
You didn't know any spells.
Your spell library contained the following spells:

 Spells                   Type           Power        Failure   Level
 Corona                   Hex            ###....      43%         1
 Magic Dart               Conj           ###.         43%         1
 Ensorcelled Hibernation  Hex/Ice        ###...       56%         2
 Searing Ray              Conj           ###...       56%         2
 Confusing Touch          Hex            ###.....     80%         3
 Dazzling Flash           Conj/Hex       ###...       80%         3
 Tukima's Dance           Hex            ###.....     80%         3
 Fulminant Prism          Conj/Hex       ###.......   99%         4
 Iskenderun's Mystic Bla  Conj/Tloc      ###.....     99%         4


Dungeon Overview and Level Annotations

Branches:
Dungeon (9/15)             Temple (0/1) D:4            Lair (4/6) D:9
  Swamp: Lair:2-4    Shoals: Lair:2-4     Snake: Lair:2-4    Spider: Lair:2-4
    Orc: D:9-12

Altars:
Ashenzari
Elyvilon
Fedhas
Gozag
Hepliaklqana
Makhleb
Okawaru
Vehumet
Zin
The Shining One

Shops:
D:8 [*=[(


Innate Abilities, Weirdness & Mutations

Your experience applies equally to all skills.
You have very sharp teeth.
Your uncanny sense of smell can sniff out nearby items.


Message History

The 13-headed hydra bites you but does no damage.
The 13-headed hydra bites you! x2
* * * LOW HITPOINT WARNING * * *
The 13-headed hydra closely misses you. x2
You slice one of the 13-headed hydra's heads off!
The 12-headed hydra grows two more!
You hit the 14-headed hydra. You freeze the 14-headed hydra.
The 14-headed hydra is moderately wounded.
The 14-headed hydra bites you but does no damage.
The 14-headed hydra bites you!
* * * LOW HITPOINT WARNING * * *
The 14-headed hydra bites you but does no damage. x3
The 14-headed hydra misses you. The 14-headed hydra bites you.
* * * LOW HITPOINT WARNING * * *
The 14-headed hydra closely misses you. The 14-headed hydra bites you.
* * * LOW HITPOINT WARNING * * *
The 14-headed hydra bites you but does no damage.
The 14-headed hydra completely misses you.
The 14-headed hydra bites you.
You die...

. ##.....:....... .
#................... .
...................... .
#.......................
........................
........................
.........[..............
(.....D@................
........................
.##.......###..#........
#####..###.##.........
#..## ####.........
..#.# ##........ ...####
#........ ... ##.......
.. #.##..#.


You could see a 14-headed hydra (slow).

Vanquished Creatures
  Pikel (D:6)
  An oklob plant (Lair:2)
  2 black mambas
  Joseph (Lair:1)
  4 cane toads
  2 komodo dragons
  2 trolls
  4 hippogriffs
  Sigmund (D:2)
  9 yaks (D:9)
  8 water moccasins
  2 sky beasts
  An ice beast (D:5)
  2 porcupines
  2 orc warriors
  5 ogres
  8 wolves
  A centaur (D:6)
  A crocodile (Lair:2)
  A lemure (D:6)
  3 big kobolds
  2 bullfrogs
  A water moccasin zombie (D:7)
  5 scorpions
  6 killer bees (D:9)
  A howler monkey (D:5)
  A bullfrog zombie (D:8)
  A quasit (D:7)
  6 hounds
  2 orc wizards (D:4)
  3 orc priests
  An iguana (D:5)
  A statue (D:6)
  7 worker ants
  13 gnolls
  13 adders
  3 shadow imps
  4 white imps
  An ufetubus (D:7)
  A worm (D:4)
  4 dart slugs
  4 leopard geckos
  13 orcs
  11 bats
  5 giant cockroaches
  5 hobgoblins
  8 jackals
  2 quokkas
  A ball python (D:5)
  4 frilled lizards
  5 goblins
  18 kobolds
  2 leopard gecko skeletons
  7 rats
222 creatures vanquished.

Vanquished Creatures (others)
  A quokka (D:9)
  2 fungi (Lair:2)
  11 plants
14 creatures vanquished.

Grand Total: 236 creatures vanquished

Notes
Turn   | Place    | Note
-------+----------+-------------------------------------------
     0 | Abyss:1  | Gargoyl the Gnoll Abyssal Knight began the quest for the
                  | Orb.
     0 | Abyss:1  | Reached XP level 1. HP: 23/23 MP: 3/3
    93 | D:1      | Escaped the Abyss
   615 | D:1      | Reached * piety under Lugonu
   615 | D:1      | Reached XP level 2. HP: 29/29 MP: 5/5
  1052 | D:2      | Reached XP level 3. HP: 32/35 MP: 6/6
  1096 | D:2      | Reached skill level 1 in Short Blades
  1096 | D:2      | Reached skill level 1 in Long Blades
  1096 | D:2      | Reached skill level 1 in Maces & Flails
  1096 | D:2      | Reached skill level 1 in Polearms
  1096 | D:2      | Reached skill level 1 in Staves
  1096 | D:2      | Reached skill level 1 in Slings
  1096 | D:2      | Reached skill level 1 in Bows
  1096 | D:2      | Reached skill level 1 in Crossbows
  1096 | D:2      | Reached skill level 1 in Throwing
  1096 | D:2      | Reached skill level 1 in Stealth
  1096 | D:2      | Reached skill level 1 in Shields
  1096 | D:2      | Reached skill level 1 in Unarmed Combat
  1096 | D:2      | Reached skill level 1 in Spellcasting
  1096 | D:2      | Reached skill level 1 in Evocations
  1098 | D:2      | Reached XP level 4. HP: 22/41 MP: 7/7
  1269 | D:2      | Noticed Sigmund
  1288 | D:2      | Killed Sigmund
  1288 | D:2      | Reached skill level 1 in Conjurations
  1288 | D:2      | Reached skill level 1 in Hexes
  1288 | D:2      | Reached skill level 1 in Summonings
  1288 | D:2      | Reached skill level 1 in Necromancy
  1288 | D:2      | Reached skill level 1 in Translocations
  1288 | D:2      | Reached skill level 1 in Transmutations
  1288 | D:2      | Reached skill level 1 in Fire Magic
  1288 | D:2      | Reached skill level 1 in Ice Magic
  1288 | D:2      | Reached skill level 1 in Air Magic
  1288 | D:2      | Reached skill level 1 in Earth Magic
  1288 | D:2      | Reached skill level 1 in Poison Magic
  1288 | D:2      | Reached skill level 5 in Invocations
  1288 | D:2      | Reached XP level 5. HP: 29/47 MP: 8/8
  1421 | D:2      | Reached XP level 6. HP: 53/53 MP: 9/9
  1591 | D:2      | Reached ** piety under Lugonu
  1935 | D:2      | Found a glowing golden altar of the Shining One.
  1937 | D:2      | Found an iron altar of Okawaru.
  2003 | D:2      | Reached skill level 5 in Axes
  2003 | D:2      | Reached skill level 5 in Armour
  2414 | D:3      | Reached XP level 7. HP: 50/59 MP: 10/10
  3147 | D:3      | Reached skill level 7 in Fighting
  3439 | D:4      | Found a staircase to the Ecumenical Temple.
  4289 | D:5      | Entered Level 5 of the Dungeon
  4447 | D:5      | Reached *** piety under Lugonu
  4447 | D:5      | Reached XP level 8. HP: 67/67 MP: 12/12
  5320 | D:6      | Noticed Pikel
  5335 | D:6      | Killed Pikel
  5335 | D:6      | Reached XP level 9. HP: 70/72 MP: 14/14
  5781 | D:6      | Found a radiant altar of Vehumet.
  5954 | D:6      | Upgraded the game from 0.26-a0-599-gc8f6553d2c to
                  | 0.26-a0-602-gd42a14c23b
  6158 | D:7      | Reached skill level 5 in Dodging
  6298 | D:7      | Found a hazy altar of Hepliaklqana.
  6301 | D:7      | Found a burning altar of Makhleb.
  6315 | D:7      | Found a shattered altar of Ashenzari.
  6325 | D:7      | Found a blossoming altar of Fedhas.
  6339 | D:7      | Reached **** piety under Lugonu
  6488 | D:7      | Reached skill level 8 in Fighting
  6950 | D:8      | Found a glowing silver altar of Zin.
  7054 | D:8      | Found Efrakher's Antique Weapon Boutique.
  7057 | D:8      | Bought a slimy long sword for 204 gold pieces
  7057 | D:8      | Identified the +2 long sword of Jirue {freeze, Fragile +Inv
                  | rC+} (You bought it in a shop on level 8 of the Dungeon)
  7174 | D:8      | Found Paexkioroc's Antique Armour Shop.
  7190 | D:8      | Found Hydegozi's Jewellery Emporium.
  7218 | D:8      | Found Zovummei's Assorted Antiques.
  7237 | D:8      | Found Oreod's Antique Armour Shoppe.
  7420 | D:9      | Noticed a troll
  7421 | D:9      | Noticed a troll
  7635 | D:8      | Bought an uncursed ring of poison resistance for 280 gold
                  | pieces
  7697 | D:8      | Reached XP level 10. HP: 72/80 MP: 17/17
  7912 | D:9      | Reached skill level 5 in Short Blades
  7912 | D:9      | Reached skill level 5 in Long Blades
  7912 | D:9      | Reached skill level 5 in Maces & Flails
  7912 | D:9      | Reached skill level 5 in Polearms
  7912 | D:9      | Reached skill level 5 in Staves
  7912 | D:9      | Reached skill level 5 in Slings
  7912 | D:9      | Reached skill level 5 in Bows
  7912 | D:9      | Reached skill level 5 in Crossbows
  7912 | D:9      | Reached skill level 5 in Throwing
  7912 | D:9      | Reached skill level 5 in Stealth
  7912 | D:9      | Reached skill level 5 in Shields
  7912 | D:9      | Reached skill level 5 in Unarmed Combat
  7912 | D:9      | Reached skill level 5 in Spellcasting
  7912 | D:9      | Reached skill level 5 in Evocations
  8071 | D:9      | Found an opulent altar of Gozag.
  8590 | D:9      | Found a staircase to the Lair.
  9489 | D:9      | Found a white marble altar of Elyvilon.
  9544 | Lair:1   | Entered Level 1 of the Lair of Beasts
  9544 | Lair:1   | Noticed a cane toad
  9551 | Lair:1   | Killed a cane toad
  9729 | Lair:1   | Noticed Joseph
  9759 | Lair:1   | Killed Joseph
  9759 | Lair:1   | Reached XP level 11. HP: 28/87 MP: 19/19
 10047 | Lair:1   | Reached skill level 9 in Fighting
 10068 | Lair:1   | Reached skill level 5 in Conjurations
 10068 | Lair:1   | Reached skill level 5 in Hexes
 10068 | Lair:1   | Reached skill level 5 in Summonings
 10068 | Lair:1   | Reached skill level 5 in Necromancy
 10068 | Lair:1   | Reached skill level 5 in Translocations
 10068 | Lair:1   | Reached skill level 5 in Transmutations
 10068 | Lair:1   | Reached skill level 5 in Fire Magic
 10068 | Lair:1   | Reached skill level 5 in Ice Magic
 10068 | Lair:1   | Reached skill level 5 in Air Magic
 10068 | Lair:1   | Reached skill level 5 in Earth Magic
 10068 | Lair:1   | Reached skill level 5 in Poison Magic
 10116 | Lair:1   | Reached ***** piety under Lugonu
 10898 | Lair:2   | Noticed an oklob plant
 10899 | Lair:2   | Noticed an oklob plant
 10901 | Lair:2   | Noticed an oklob plant
 10901 | Lair:2   | Noticed an oklob plant
 11143 | Lair:2   | Banished an oklob plant
 11144 | Lair:2   | Banished an oklob plant
 11464 | Lair:2   | Banished an oklob plant
 11478 | Lair:2   | Killed an oklob plant
 11587 | Lair:2   | You fall into a shaft and drop 2 floors!
 12102 | Lair:2   | Noticed a seven-headed hydra
 12112 | Lair:2   | HP: 3/89 [14-headed hydra (6)]
 12112 | Lair:2   | Slain by a 14-headed hydra

Illustrated notes

Levels and vault maps discovered:
D:1:      dpeg_arrival_three_smaller_balls, layout_basic
D:2:      layout_basic, chequers_temple_overflow_statue_of_worship, uniq_sigmund
D:3:      layout_basic, wad_orctagon
D:4:      layout_basic, minmay_temple_entry_mini_moons
D:5:      layout_cave_pools
D:6:      layout_cave_pools, vehumet_statue, uniq_pikel
D:7:      layout_basic, grunt_temple_overflow_cloverleaf
D:8:      layout_loops_cross, lemuel_doored_altar, serial_shops, shop,
          nicolae_shop_crystal, nicolae_shop_overgrown_old_shop,
          nicolae_shop_trees, kennysheep_mini, serial_glass, glass_columns_b,
          glass_columns_b, glass_columns_c, glass_columns_a, glass_columns_c,
          glass_columns_b, grunt_ministairs_9, kennysheep_flooded_box
D:9:      layout_roguey, elyvilon_altar_4, erik_lair_island, grunt_gozag_statues
Lair:1:   layout_chaotic_city, minivault_19, uniq_joseph
Lair:2:   layout_cave_pods, st_stairs_4, minmay_lair_oklob_chamber
Lair:3:   layout_long_grid, minmay_shoals_entry_centaurs,
          chequers_serial_rivers_micro_a
Lair:4:   layout_loops_ring, spider_nest_entry_web_field

Skill      XL: |  1  2  3  4  5  6  7  8  9 10 11 |
---------------+----------------------------------+-----
Short Blades   | 1 2 3 4 5 6 |  6.6
Long Blades    | 1 2 3 4 5 6 |  6.6
Maces & Flails | 1 2 3 4 5 6 |  6.6
Polearms       | 1 2 3 4 5 6 |  6.6
Staves         | 1 2 3 4 5 6 |  6.6
Slings         | 1 2 3 4 5 6 |  6.6
Bows           | 1 2 3 4 5 6 |  6.6
Crossbows      | 1 2 3 4 5 6 |  6.6
Throwing       | 1 2 3 4 5 6 |  6.6
Stealth        | 1 2 3 4 5 6 |  6.6
Shields        | 1 2 3 4 5 6 |  6.6
Unarmed Combat | 1 2 3 4 5 6 |  6.6
Spellcasting   | 1 2 3 4 5 6 |  6.6
Evocations     | 1 2 3 4 5 6 |  6.6
Dodging        | 3 4 5 6 7 |  7.2
Conjurations   | 1 2 3 4 5 |  5.5
Hexes          | 1 2 3 4 5 |  5.5
Summonings     | 1 2 3 4 5 |  5.5
Necromancy     | 1 2 3 4 5 |  5.5
Translocations | 1 2 3 4 5 |  5.5
Transmutations | 1 2 3 4 5 |  5.5
Fire Magic     | 1 2 3 4 5 |  5.5
Ice Magic      | 1 2 3 4 5 |  5.5
Air Magic      | 1 2 3 4 5 |  5.5
Earth Magic    | 1 2 3 4 5 |  5.5
Poison Magic   | 1 2 3 4 5 |  5.5
Invocations    | 5 6 7 8 |  8.7
Axes           | 5 6 7 8 |  8.2
Armour         | 5 6 7 8 |  8.2
Fighting       | 7 8 9 |  9.4

Action                   |  1- 3 |  4- 6 |  7- 9 | 10-12 || total
-------------------------+-------+-------+-------+-------++-------
Melee: Hand axe          |    56 |   102 |   299 |       ||   457
       Bite              |     3 |    14 |    50 |    56 ||   123
       Punch             |       |       |     4 |     8 ||    12
       Long sword        |       |       |    27 |   278 ||   305
Throw: Boomerang         |       |       |     5 |     1 ||     6
Invok: Depart the Abyss  |     1 |       |       |       ||     1
       Banish            |       |       |       |     5 ||     5
Evoke: Wand              |       |       |       |     1 ||     1
  Use: Scroll            |     5 |     8 |     6 |     7 ||    26
Armor: Plate armour      |    88 |    94 |   339 |   336 ||   857
Dodge: Dodged            |    23 |    51 |   149 |   208 ||   431
       Rpst.: Long sword |       |       |     8 |    65 ||    73

Table legend: (Time is in decaauts)
 A = Elapsed time spent in this place.
 B = Non-inter-level travel time spent in this place.
 C = Inter-level travel time spent in this place.
 D = Time resting spent in this place.
 E = Time spent auto-exploring this place.
 F = Levels seen in this place.
 G = Mean time per level.
                   A        B        C        D        E       F      G
               +--------+--------+--------+--------+--------+-----+--------+
         Total |  12182 |  11793 |    389 |   4311 |   5253 |  14 |  870.1 |
       Dungeon |   9734 |   9350 |    384 |   3193 |   4359 |   9 | 1081.6 |
          Lair |   2355 |   2350 |      5 |   1118 |    816 |   4 |  588.8 |
         Abyss |     93 |     93 |      0 |      0 |     78 |   1 |   93.0 |
               +--------+--------+--------+--------+--------+-----+--------+

Top non-repeatable levels by time:
     D:9: 1940 daAuts
     D:3: 1341 daAuts
     D:8: 1162 daAuts
  Lair:1: 1102 daAuts
     D:2: 1040 daAuts
  Lair:2: 1026 daAuts
     D:4: 980 daAuts
     D:1: 944 daAuts
     D:6: 851 daAuts
     D:5: 825 daAuts
     D:7: 646 daAuts
  Lair:3: 220 daAuts
 Abyss:1: 93 daAuts
  Lair:4: 5 daAuts
